woodfighter, chaotic female orcish Cavewoman ---- |..| --..-- |....| ---.).-- |.%....| -I----.--- .. |.).-- --- --...| |.<.--- ---...| -.-..... .. .......... -.. .......- |.` ......| |. .....- -- .....- ..... ..- --- woodfighter the Cave Teen Experience level: 3 Strength: 18/04 Dexterity: 14 Constitution: 18 Intelligence: 12 Wisdom: 6 Charisma: 8 Health: 0(29) Energy: 4(4) Def: 2 Gold: 201 Moves: 1305 Dungeon seed: o7it7K5bh12CXhHs Game ID: woodfighter_1475407611 Your Inventory: Coins $ - 201 gold pieces Weapons a - a +1 club (weapon in hand) b - a +2 sling (alternate weapon; not wielded) Armor q - an uncursed +0 leather armor (being worn) Comestibles h - an uncursed lichen corpse j - an uncursed sprig of wolfsbane Scrolls g - a cursed scroll of identify k - an uncursed scroll of blank paper l - a blessed scroll of identify Potions f - an uncursed potion of see invisible i - an uncursed potion of object detection Gems e - 12 uncursed flints (in quiver) Spells and supernatural/magical abilities: Name Level Category Fail Memory W - pray for help -- divine ? -- Your skills at the end: Miscellaneous Skills bare handed combat [Basic] Weapon Skills scimitar [Basic] club [Basic] sling [Basic] Spellcasting Skills Final Attributes: You were piously aligned. You were poison resistant. You had infravision. You were very stealthy. You are dead. Vanquished creatures: a giant rat a green mold 4 gnomes a gnome zombie 2 newts 4 sewer rats a grid bug 4 lichens a kobold zombie 19 creatures vanquished. Voluntary challenges: You did not adorn yourself with jewelry or accessories. You did not cause conflict. You were not invisible. You did not have reflection. You were not displaced. You were an atheist. You used a wielded weapon 18 times, starting on turn 30. You did not use tools. You did not use plumbed fixtures. You did not drink any magical draughts. You were illiterate. You never genocided any monsters. You never polymorphed an object. You never changed form. You used no wishes. You never split a pudding. You never wrote Elbereth's name. You never violated your personal moral code. Dungeon overview: The Dungeons of Doom: levels 1 to 3 Level 1 (vault) a long staircase Level 2 an armor shop, a fountain Level 3 (locked) stairs to The Gnomish Mines The Gnomish Mines: Level 4 <- You were here stairs to The Dungeons of Doom History has recorded: On T:1 you entered the Dungeons of Doom to retrieve the Amulet of Yendor! On T:919 you reached level 2 of The Dungeons of Doom. On T:933 you advanced to experience level 2. On T:1034 you reached level 3 of The Dungeons of Doom. On T:1272 you reached level 1 of The Gnomish Mines. On T:1280 you advanced to experience level 3. Score breakdown: Gold: 201 ( 20 points) Experience: 3 levels ( 200 points) Exploration: 4 levels ( 90 points) Discoveries: 5 items ( 250 points) Variety of kills: 9 monsters ( 450 points) Major goal: (nothing yet) ( 0 points) Survival: died (score multiplied by 3) Total score: 3030 Latest messages: You kill the gnome! You see here a gnome corpse. The gnome wields a thonged club! The thonged club welds itself to the gnome's hand! You kill the gnome! Welcome to experience level 3. You see here a cursed thonged club. You see here a gnome corpse. This gnome corpse tastes terrible! You stop eating. (2x) The gnome wields a crossbow! The gnome wields a bow! You finish eating the gnome corpse. The gnome shoots a crossbow bolt! The crossbow bolt hits the gnome! The gnome is killed! The gnome swings his bow at the cavewoman. The gnome hits! The gnome punches you! You kill the gnome! There are a few objects here. The gnome king hurls a dark green potion! The phial crashes on your head and breaks into shards. You feel rather tired. Something punches you! (3x) You die... Final status: Goodbye woodfighter the Cavewoman, killed by a gnome king, while sleeping off potion vapours... You died in The Gnomish Mines on dungeon level 4 with 3030 points, and 201 pieces of gold, after 1305 moves. You were level 3 with a maximum of 29 hit points when you died.